Workbook

Sheet COVER SHEET
A1: Theme | B1: TOPIC | C1: VOCAB COUNT | E1: QUIZLET LINK | F1: MEMRISE LINK | H1: Abbreviations
A2: GENERAL | C2: =COUNTA(GENERAL!$B$2:$B$766) -> 144 | E2: QUIZLET | F2: MEMRISE | H2: feminine noun | I2: (f)
A3: GENERAL NOUNS | C3: =COUNTA('GENERAL NOUNS'!$B$2:$B$999) -> 189 | E3: QUIZLET | F3: MEMRISE | H3: masculine noun | I3: (m)
A4: GENERAL VERBS | C4: =COUNTA('GENERAL VERBS'!$B$2:$B$999) -> 303 | E4: QUIZLET | F4: MEMRISE | H4: masculine & feminine noun | I4: (m/f)
A5: GENERAL ADJ & ADV | C5: =COUNTA('GENERAL ADJ & ADV'!$B$2:$B$835) -> 300 | E5: QUIZLET | F5: MEMRISE | H5: neuter noun | I5: (nt)
A6: MY PERSONAL WORLD | B6: FAMILY & FRIENDS | C6: =COUNTA('FAMILY & FRIENDS'!$B$3:$B$952) -> 60 | D6: =SUM(C6,C7,C8) -> 150 | E6: QUIZLET | F6: MEMRISE | H6: plural noun | I6: (pl)
B7: RELATIONSHIPS | C7: =COUNTA(RELATIONSHIPS!$B$2:$B$1002) -> 41 | E7: QUIZLET | F7: MEMRISE | H7: Adjective | I7: Adj
B8: EQUALITY | C8: =COUNTA(EQUALITY!$B$2:$B$998) -> 49 | E8: QUIZLET | F8: MEMRISE | H8: Adverb | I8: Adv
A9: LIFE & WELLBEING | B9: FOOD & DRINK | C9: =COUNTA('FOOD & DRINK'!$B$2:$B$999) -> 51 | D9: =SUM(C9,C10,C11,C12) -> 147 | E9: QUIZLET | F9: MEMRISE | H9: Adjective & Adverb | I9: Adj/Adv
B10: SPORTS | C10: =COUNTA(SPORTS!$B$2:$B$999) -> 29 | E10: QUIZLET | F10: MEMRISE | H10: Conjunction | I10: Conj
B11: PHYSICAL WELLBEING | C11: =COUNTA('PHYSICAL WELLBEING'!$B$2:$B$999) -> 42 | E11: QUIZLET | F11: MEMRISE | H11: Determiner | I11: Det
B12: MENTAL WELLBEING | C12: =COUNTA('MENTAL WELLBEING'!$B$2:$B$999) -> 25 | E12: QUIZLET | F12: MEMRISE | H12: Multi-word phrase | I12: MWP
A13: MY NEIGHBOURHOOD | B13: PLACES IN TOWN | C13: =COUNTA('PLACES IN TOWN'!$B$2:$B$999) -> 37 | D13: =SUM(C13,C14,C15,C16) -> 176 | E13: QUIZLET | F13: MEMRISE | H13: Prefix | I13: prefix
B14: SHOPPING | C14: =COUNTA(SHOPPING!$B$2:$B$999) -> 50 | E14: QUIZLET | F14: MEMRISE | H14: Preposition | I14: Prep
B15: THE NATURAL WORLD | C15: =COUNTA('THE NATURAL WORLD'!$B$2:$B$999) -> 49 | E15: QUIZLET | F15: MEMRISE | H15: Pronoun | I15: Pron
B16: ENVIRONMENTAL ISSUES | C16: =COUNTA('ENVIRONMENTAL ISSUES'!$B$2:$B$999) -> 40 | E16: QUIZLET | F16: MEMRISE | H16: Verb Abbreviations
A17: MEDIA & TECHNOLOGY | B17: MUSIC, TV & FILM | C17: =COUNTA('MUSIC, TV & FILM'!$B$2:$B$999) -> 59 | D17: =SUM(C17,C18) -> 104 | E17: QUIZLET | F17: MEMRISE | H17: conditional verb form | I17: cond
B18: SOCIAL MEDIA & GAMING | C18: =COUNTA('SOCIAL MEDIA & GAMING'!$B$2:$B$999) -> 45 | E18: QUIZLET | F18: MEMRISE | H18: future tense verb form | I18: ft
A19: STUDYING & MY FUTURE | B19: SCHOOL | C19: =COUNTA(SCHOOL!$B$2:$B$999) -> 82 | D19: =SUM(C19,C20) -> 114 | E19: QUIZLET | F19: MEMRISE | H19: subjunctive tense verb form | I19: subj
B20: FUTURE OPPORTUNITIES | C20: =COUNTA('FUTURE OPPORTUNITIES'!$B$2:$B$999) -> 32 | E20: QUIZLET | F20: MEMRISE | H20: imperative verb form | I20: imper
A21: TRAVEL & TOURISM | B21: TRANSPORT | C21: =COUNTA(TRANSPORT!$B$2:$B$999) -> 29 | D21: =SUM(C21,C22,C23) -> 102 | E21: QUIZLET | F21: MEMRISE | H21: imperfect verb form | I21: impf
B22: ACCOMMODATION | C22: =COUNTA(ACCOMMODATION!$B$2:$B$999) -> 33 | E22: QUIZLET | F22: MEMRISE | H22: preterite verb form | I22: pret
B23: TOURIST ATTRACTIONS | C23: =COUNTA('TOURIST ATTRACTIONS'!$B$2:$B$999) -> 40 | E23: QUIZLET | F23: MEMRISE | H23: infinitive verb form | I23: inf
H24: modal infinitive verb form | I24: mod inf
H25: modal present tense verb form | I25: mod pr
H26: modal past participle | I26: mod pp
H27: past participle | I27: pp
H28: present tense verb form | I28: pr
H29: present participle | I29: prp

Sheet GENERAL
A1: Part of speech | B1: Headword | C1: English equivalent
A2: conj | B2: (no) ni…(ni)… | C2: nor, or (after negative verb) neither...nor…
A3: conj | B3: aunque | C3: although
A4: conj | B4: como | C4: like, as
A5: conj | B5: cuando | C5: when
A6: conj | B6: dado (que) | C6: given (that)
A7: conj | B7: donde | C7: where
A8: conj | B8: mientras | C8: while, whereas
A9: conj | B9: no obstante | C9: however, nevertheless
A10: conj | B10: o/u | C10: or
A11: conj | B11: para que | C11: so that, in order to
A12: conj | B12: pero | C12: but
... A145: pron | B145: yo | C145: I (subj)

Sheet GENERAL NOUNS
A1: Part of speech | B1: Headword | C1: English equivalent
A2: n | B2: acceso (m) | C2: access
A3: n | B3: acción (f) | C3: action
A4: n | B4: actitud (f) | C4: attitude
A5: n | B5: acuerdo (m), de acuerdo | C5: agreement, in agreement
A6: n | B6: adiós | C6: goodbye
A7: n | B7: África (f) | C7: Africa
A8: n | B8: agente (mf) | C8: agent, officer
A9: n | B9: América Latina (f), Latinoamérica (f) | C9: Latin America
A10: n | B10: año (m) | C10: year
A11: n | B11: aparato (m) | C11: device, apparatus
A12: n | B12: artículo (m) | C12: article
... A190: n | B190: y media (f) | C190: half past

Sheet GENERAL VERBS
A1: Part of speech | B1: Headword | C1: English equivalent
A2: cond | B2: diría | C2: I would say / tell
A3: cond | B3: habría | C3: there would be
A4: cond | B4: haría | C4: I would do / make
A5: cond | B5: pondría; me pondría | C5: I would put; I would put (on) / get / become
A6: cond | B6: querría | C6: I would want / love
A7: cond | B7: quisiera | C7: I would like (formal)
A8: cond | B8: sabría | C8: I would know (how to)
A9: cond | B9: saldría | C9: I would go out / leave
A10: cond | B10: vendría | C10: I would come
A11: ft | B11: diré | C11: I will say / tell
A12: ft | B12: habrá | C12: There will be
... A304: subj | B304: vengas | C304: SUBJUNCTIVE: (you sing. informal) come

Sheet GENERAL ADJ & ADV
A1: Part of speech | B1: Headword | C1: English equivalent
A2: adj | B2: abierto | C2: open
A3: adj | B3: aburrido | C3: bored, boring
A4: adj | B4: actual | C4: current
A5: adj | B5: adecuado | C5: appropriate, adequate
A6: adj | B6: agradable | C6: nice, pleasant
A7: adj | B7: agrio | C7: sour
A8: adj | B8: ajustado | C8: tight
A9: adj | B9: amarillo | C9: yellow
A10: adj | B10: ambos | C10: both
A11: adj | B11: amplio | C11: large, wide, loose
A12: adj | B12: anterior | C12: previous, preceding
... A301: adv | B301: ya | C301: already

Sheet FAMILY & FRIENDS
A1: Part of speech | B1: Headword | C1: English equivalent
A2: adj | B2: castaño | C2: chestnut brown
A3: adj | B3: cercano | C3: closely-related
A4: adj | B4: familiar | C4: familiar, of the family, family-sized
A5: adj | B5: joven | C5: young
A6: adj | B6: menor | C6: younger, youngest
A7: adj | B7: pelirrojo | C7: red-haired, ginger
A8: adj | B8: rubio | C8: blonde, light (skin)
A9: adj | B9: simpático | C9: nice, kind, friendly
A10: n | B10: abuela (f) | C10: grandmother
A11: n | B11: abuelo (m) | C11: grandfather, grandparent
A12: n | B12: adulto (m), adulta (f) | C12: adult
... A62: v inf | B62: vivir | C62: to live

Sheet RELATIONSHIPS
A1: Part of speech | B1: Headword | C1: English equivalent
A2: adj | B2: dulce | C2: sweet
A3: adj | B3: fiel | C3: loyal, faithful
A4: n | B4: amor (m) | C4: love
A5: n | B5: bebé (mf) | C5: baby
A6: n | B6: beso (m) | C6: kiss
A7: n | B7: cara (f) | C7: face
A8: n | B8: cariño (m) | C8: affection, love
A9: n | B9: cita (f) | C9: date
A10: n | B10: compañero (m), compañera (f) | C10: companion
A11: n | B11: confianza (f) | C11: confidence, trust
A12: n | B12: dueño (m), dueña (f) | C12: owner, landlord
... A42: v inf | B42: sonreír | C42: to smile

Sheet EQUALITY
A1: Part of speech | B1: Headword | C1: English equivalent
A2: adj | B2: bisexual | C2: bisexual
A3: adj | B3: gay | C3: gay
A4: adj | B4: heterosexual | C4: straight
A5: adj | B5: igual | C5: equal, same as
A6: adj | B6: incluido | C6: included, inclusive of
A7: adj | B7: lesbiana | C7: lesbian
A8: adj | B8: moreno | C8: dark (hair), tanned (skin)
A9: adj | B9: multicultural | C9: multicultural
A10: adj | B10: no binario | C10: non-binary
A11: adj | B11: pobre | C11: poor
A12: adj | B12: religioso | C12: religious
... A50: v inf | B50: votar | C50: to vote

Sheet FOOD & DRINK
A1: Part of speech | B1: Headword | C1: English equivalent
A2: adj | B2: alérgico | C2: allergic
A3: adj | B3: rico | C3: tasty
A4: adj | B4: vegano | C4: vegan
A5: adj | B5: vegetariano | C5: vegetarian
A6: mwp | B6: ¡buen provecho! | C6: enjoy your meal!
A7: n | B7: agua (f) | C7: water
A8: n | B8: alimento (m) | C8: food, nourishment
A9: n | B9: almuerzo (m) | C9: lunch
A10: n | B10: arroz (m) | C10: rice
A11: n | B11: azúcar (m) | C11: sugar
A12: n | B12: bebida (f) | C12: drink, beverage
... A52: v inf | B52: probar | C52: to try, taste, try on

Sheet SPORTS
A1: Part of speech | B1: Headword | C1: English equivalent
A2: n | B2: accidente (m) | C2: accident
A3: n | B3: atletismo (m) | C3: athletics
A4: n | B4: baloncesto (m) | C4: basketball
A5: n | B5: baño (m) | C5: swim
A6: n | B6: capitana (f) | C6: captain
A7: n | B7: ciclismo (m) | C7: cycling
A8: n | B8: competición (f) | C8: competition, contest
A9: n | B9: equipo (m) | C9: team, equipment
A10: n | B10: fútbol (m) | C10: football
A11: n | B11: jugador (m), jugadora (f) | C11: player
A12: n | B12: natación (f) | C12: swimming
... A30: v pr | B30: juego (a) | C30: I play

Sheet PHYSICAL WELLBEING
A1: Part of speech | B1: Headword | C1: English equivalent
A2: adj | B2: activo | C2: active
A3: adj | B3: enfermo | C3: ill, sick
A4: adj | B4: físico | C4: physical
A5: adj | B5: sano | C5: healthy, wholesome
A6: n | B6: boca (f) | C6: (to) move | moving
A7: n | B7: brazo (m) | C7: arm
A8: n | B8: cabello (m) | C8: hair
A9: n | B9: cabeza (f) | C9: head
A10: n | B10: corazón (m) | C10: heart
A11: n | B11: cuerpo (m) | C11: body
A12: n | B12: daño (m) | C12: damage, harm
... A43: v inf | B43: sufrir | C43: to suffer, be in pain

Sheet MENTAL WELLBEING
A1: Part of speech | B1: Headword | C1: English equivalent
A2: adj | B2: alegre | C2: lively, cheerful, happy
A3: adj | B3: cansado | C3: tired, tiring
A4: adj | B4: feliz | C4: happy
A5: adj | B5: mental | C5: mental
A6: adj | B6: nervioso | C6: nervous, anxious
A7: adj | B7: tranquilo | C7: calm, tranquil, relaxed
A8: adv | B8: al aire libre | C8: outdoors
A9: n | B9: alegría (f) | C9: joy, happiness
A10: n | B10: descanso (m) | C10: break, interval, rest
A11: n | B11: felicidad (f) | C11: happiness
A12: n | B12: mente (f) | C12: mind
... A26: v inf | B26: relajarse | C26: to relax

Sheet PLACES IN TOWN
A1: Part of speech | B1: Headword | C1: English equivalent
A2: adj | B2: cercano | C2: close, nearby
A3: adj | B3: urbano | C3: urban
A4: n | B4: afueras (fpl) | C4: suburb, outskirts
A5: n | B5: alrededores (mpl) | C5: surrounding area, vicinity
A6: n | B6: banco (m) | C6: bank, bench
A7: n | B7: bar (m) | C7: bar
A8: n | B8: barrio (m) | C8: neighbourhood, district
A9: n | B9: café (m) | C9: café
A10: n | B10: calle (f) | C10: street, road
A11: n | B11: camino (m) | C11: path, way, route
A12: n | B12: carretera (f) | C12: main road
... A38: v inf | B38: encontrar; encontrarse | C38: to find; be located

Sheet SHOPPING
A1: Part of speech | B1: Headword | C1: English equivalent
A2: adj | B2: barato | C2: cheap
A3: adj | B3: caro | C3: expensive
A4: mwp | B4: ir de compras | C4: (to) go shopping I going shopping
A5: n | B5: billete (m) | C5: note (money)
A6: n | B6: bolsa (f) | C6: (shopping) bag
A7: n | B7: caja (f) | C7: checkout, till, box
A8: n | B8: calcetín (m) | C8: sock
A9: n | B9: cambio (m) | C9: change, exchange (money)
A10: n | B10: camiseta (f) | C10: T-shirt
A11: n | B11: chaqueta (f) | C11: jacket
A12: n | B12: cliente (mf) | C12: customer
... A51: v inf | B51: vender | C51: to sell

Sheet THE NATURAL WORLD
A1: Part of speech | B1: Headword | C1: English equivalent
A2: adj | B2: alto | C2: tall, high
A3: adj | B3: caliente | C3: hot
A4: adj | B4: fresco | C4: fresh, cool, chilly
A5: adj | B5: frío | C5: cold
A6: adj | B6: mundial | C6: global, world
A7: n | B7: aire (m) | C7: air
A8: n | B8: altura (f) | C8: height
A9: n | B9: árbol (m) | C9: tree
A10: n | B10: arena (f) | C10: sand
A11: n | B11: belleza (f) | C11: beauty
A12: n | B12: bosque (m) | C12: wood, forest
... A50: v inf | B50: nevar | C50: to snow

Sheet ENVIRONMENTAL ISSUES
A1: Part of speech | B1: Headword | C1: English equivalent
A2: adj | B2: limpio | C2: clean
A3: adj | B3: muerto | C3: dead
A4: adj | B4: peligroso | C4: dangerous
A5: adj | B5: responsable | C5: responsible
A6: adj | B6: sostenible | C6: sustainable
A7: n | B7: ambiente (m) | C7: atmosphere
A8: n | B8: amenaza (f) | C8: threat
A9: n | B9: basura (f) | C9: rubbish, litter, junk
A10: n | B10: botella (f) | C10: bottle
A11: n | B11: ciudad (f) | C11: city
A12: n | B12: clima (m) | C12: climate
... A41: v inf | B41: separar(se) | C41: to separate, sort, split up

Sheet MUSIC, TV & FILM
A1: Part of speech | B1: Headword | C1: English equivalent
A2: adj | B2: alto | C2: loud
A3: adj | B3: cultural | C3: cultural
A4: adj | B4: divertido | C4: funny, amusing
A5: adj | B5: famoso | C5: well-known, famous
A6: adj | B6: musical | C6: musical
A7: n | B7: actor (m) | C7: actor (m)
A8: n | B8: actriz (f) | C8: actress, actor (f)
A9: n | B9: artista (mf) | C9: artist
A10: n | B10: auriculares (mpl) | C10: headphones, earbuds
A11: n | B11: aventura (f) | C11: adventure
A12: n | B12: baile (m) | C12: dance
... A60: v inf | B60: tocar | C60: to play (instrument), touch

Sheet SOCIAL MEDIA & GAMING
A1: Part of speech | B1: Headword | C1: English equivalent
A2: adj | B2: social | C2: social
A3: adj | B3: virtual | C3: virtual
A4: adv | B4: en línea | C4: online
A5: n | B5: aficionado (m), aficionada (f) | C5: fan
A6: n | B6: aplicación (f) | C6: application, app
A7: n | B7: blog (m) | C7: blog
A8: n | B8: búsqueda (f) | C8: search
A9: n | B9: cámara (f) | C9: camera
A10: n | B10: ciencia ficción (f) | C10: science fiction
A11: n | B11: comunicación (f) | C11: communication
A12: n | B12: contraseña (f) | C12: password
... A46: v inf | B46: publicar | C46: to post (on the internet), publish

Sheet SCHOOL
A1: Part of speech | B1: Headword | C1: English equivalent
A2: adj | B2: artístico | C2: artistic
A3: adj | B3: deportivo | C3: sports
A4: adj | B4: educativo | C4: educational
A5: adj | B5: escolar | C5: school
A6: adj | B6: estricto | C6: strict
A7: adj | B7: trabajador | C7: hardworking
A8: mwp | B8: sacar buenas / malas notas | C8: to get good/bad grades
A9: mwp | B9: se me da bien/mal (el español) | C9: I am good/bad at (Spanish)
A10: n | B10: actividad (f) | C10: activity
A11: n | B11: alumno (m), alumna (f) | C11: pupil, student
A12: n | B12: arte (m) | C12: art
... A83: v prp | B83: leyendo | C83: reading

Sheet FUTURE OPPORTUNITIES
A1: Part of speech | B1: Headword | C1: English equivalent
A2: adj | B2: laboral | C2: work, working, labour
A3: adj | B3: universitario | C3: university
A4: n | B4: arquitectura (f) | C4: architecture
A5: n | B5: beneficio (m) | C5: profit
A6: n | B6: carrera (f) | C6: career, university degree, race
A7: n | B7: científico (m), científica (f) | C7: scientist
A8: n | B8: cita (f) | C8: appointment
A9: n | B9: colegio (m) | C9: school, high school
A10: n | B10: compañero (m), compañera (f) | C10: colleague
A11: n | B11: compañía (f) | C11: company, firm
A12: n | B12: director (m), directora (f) | C12: boss
... A33: v inf | B33: llegar a + inf. | C33: to manage to

Sheet TRANSPORT
A1: Part of speech | B1: Headword | C1: English equivalent
A2: mwp | B2: billete de ida (m) | C2: single ticket
A3: mwp | B3: billete de ida y vuelta (m) | C3: return ticket
A4: n | B4: aeropuerto (m) | C4: airport
A5: n | B5: autobús (m), bus (m) | C5: bus
A6: n | B6: avión (m) | C6: plane
A7: n | B7: barco (m) | C7: boat , ship
A8: n | B8: bicicleta (f) | C8: bicycle
A9: n | B9: billete (m) | C9: ticket (transport)
A10: n | B10: coche (m) | C10: car
A11: n | B11: destino (m) | C11: destination
A12: n | B12: estación (f) | C12: station (train, bus…)
... A30: v inf | B30: volar | C30: to fly

Sheet ACCOMMODATION
A1: Part of speech | B1: Headword | C1: English equivalent
A2: adj | B2: doble | C2: double
A3: adj | B3: individual | C3: single (room, bed), individual
A4: n | B4: alojamiento (m) | C4: accommodation
A5: n | B5: ascensor (m) | C5: lift
A6: n | B6: baño (m) | C6: bathroom, bath
A7: n | B7: cama (f) | C7: bed
A8: n | B8: camping (m) | C8: camping, camp site
A9: n | B9: casa (f) | C9: house
A10: n | B10: cocina (f) | C10: kitchen
A11: n | B11: cuarto (m) | C11: room, bedroom, quarter
A12: n | B12: edificio (m) | C12: building
... A34: v inf | B34: reservar | C34: to reserve, book

Sheet TOURIST ATTRACTIONS
A1: Part of speech | B1: Headword | C1: English equivalent
A2: adj | B2: extranjero | C2: foreign
A3: adj | B3: histórico | C3: historic
A4: adj | B4: internacional | C4: international
A5: adv | B5: al / en el extranjero | C5: abroad
A6: mwp | B6: ir(se) de vacaciones | C6: (to) go on holiday I going on holiday
A7: n | B7: agencia (f) | C7: agency
A8: n | B8: Carnaval (m) | C8: Carnival
A9: n | B9: castillo (m) | C9: castle
A10: n | B10: cuadro (m) | C10: painting
A11: n | B11: desfile (m) | C11: parade
A12: n | B12: El Día de los Muertos (m) | C12: Day of the Dead
... A41: v inf | B41: visitar | C41: to visit
